 Dungeon Crawl Stone Soup version 0.18.1-48-g4cf74bf (webtiles) character file.

12554 Joat the Spear-Bearer (level 11, -1/52 HPs)
             Began as a Vine Stalker Monk on Aug 27, 2016.
             Was a High Priest of Makhleb.
             Slain by a crocodile (13 damage)
             ... on level 3 of the Lair of Beasts on Aug 29, 2016.
             The game lasted 01:32:30 (11725 turns).

Joat the Spear-Bearer (Vine Stalker Monk)          Turns: 11725, Time: 01:32:31

Health: -1/52      AC: 12    Str:  8    XL:     11   Next: 95%
Magic:  0/15       EV: 14    Int: 10    God:    Makhleb [*****.]
Gold:   641        SH:  0    Dex: 19    Spells: 1 memorised, 7 levels left

rFire  + + +     SeeInvis .     E - +6 trident "Death Rattle" {flame, rF++ MR+ Str-5}
rCold  . . .     Gourm    .     v - +3 ring mail {rF+}
rNeg   . . .     Faith    .     (no shield)
rPois  .         Spirit   +     I - +0 helmet
rElec  .         Dismiss  .     r - +0 cloak
rCorr  .         Reflect  .     (no gloves)
SustAt +         Harm     .     (no boots)
MR     ++...     Rnd*Tele +     (no amulet)
Stlth  +.........               (no ring)
                                n - ring of sustain attributes

@: very resistant to hostile enchantments, very unstealthy
A: fangs 3, talons 1, blink, blurry vision 1, frail 1, regeneration 2,
teleportitis 2, weak 1, magic shield, antimagic bite, no device heal 3, rot
immunity
a: Blink, Minor Destruction, Lesser Servant of Makhleb, Major Destruction,
Greater Servant of Makhleb, Renounce Religion


You were on level 3 of the Lair of Beasts.
You worshipped Makhleb.
Makhleb was extremely pleased with you.
You were not hungry.

You visited 3 branches of the dungeon, and saw 12 of its levels.

You collected 641 gold pieces.

Inventory:

Hand Weapons
 E - the +6 trident "Death Rattle" (weapon) {flame, rF++ MR+ Str-5}
   (You found it on level 1 of the Lair of Beasts)

   It has been specially enchanted to burn those struck by it, causing extra
   injury to most foes and up to half again as much damage against particularly
   susceptible opponents.
   It affects your strength (-5).
   It greatly protects you from fire.
   It affects your resistance to hostile enchantments.
Armour
 a - a +0 robe
 j - a +0 pair of boots
 r - a +0 cloak (worn)
 v - a +3 ring mail of fire resistance (worn)
 w - a +0 shield
 C - a +0 buckler
 I - a +0 helmet (worn)
Jewellery
 n - a ring of sustain attributes (left hand)
Wands
 c - a wand of random effects (37/48)
 e - a wand of lightning (5/15)
 F - a wand of flame (28/48)
 O - a wand of iceblast (5/15)
 R - a wand of confusion (13/48)
Scrolls
 d - 3 scrolls of teleportation
 i - a scroll of remove curse
 l - a scroll of fear
 p - 6 scrolls of identify
 q - 3 scrolls of enchant weapon
 t - 3 scrolls of magic mapping
 x - a scroll of immolation
 y - a scroll of amnesia
 z - a scroll of random uselessness
 B - a scroll of vulnerability
 H - 2 scrolls of brand weapon
 K - a scroll of recharging
 L - a scroll of enchant armour
 N - 2 scrolls of blinking
Potions
 f - a potion of magic
 h - a potion of degeneration
 k - 2 potions of flight
 m - 8 potions of curing
 o - 3 potions of agility
 s - a potion of invisibility
 A - a potion of haste
 D - a potion of cancellation
 Q - a potion of lignification {unknown}
Books
 G - a book of the Earth

   Spells                             Type                      Level
   a - Leda's Liquefaction            Hexes/Earth                  4
   b - Bolt of Magma                  Conjuration/Fire/Earth       5
   c - Statue Form                    Transmutation/Earth          6
   d - Iron Shot                      Conjuration/Earth            6
   e - Shatter                        Earth                        9
 J - a book of Necromancy

   Spells                             Type                      Level
   a - Pain                           Necromancy                   1
   b - Animate Skeleton               Necromancy                   1
   c - Vampiric Draining              Necromancy                   3
   d - Regeneration                   Charms/Necromancy            3
   e - Animate Dead                   Necromancy                   4
   f - Control Undead                 Necromancy                   4
Comestibles
 b - 3 bread rations
 g - 2 beef jerkies
 u - 10 fruits
 M - a meat ration
 P - 7 chunks of flesh


   Skills:
 - Level 7.0 Fighting
 + Level 9.3 Polearms
 - Level 6.5 Armour
 - Level 6.1 Dodging
 - Level 2.4 Stealth
 - Level 9.2 Unarmed Combat
 + Level 2.3 Necromancy
 - Level 4.2 Invocations


You had 7 spell levels left.
You knew the following spells:

 Your Spells              Type           Power        Failure   Level  Hunger
a - Vampiric Draining     Necr           #.........   95%         3    ####...


Dungeon Overview and Level Annotations

Branches:
Dungeon (8/15)             Temple (1/1) D:5            Lair (3/8) D:8
 Spider (0/4) Lair:3
  Swamp: Lair:3-6    Shoals: Lair:3-6

Altars:
Ashenzari
Cheibriados
Dithmenos
Elyvilon
Gozag
Kikubaaqudgha
Makhleb
Nemelex Xobeh
Okawaru
Pakellas
Qazlal
Ru
Sif Muna
Trog
Vehumet
Xom
Yredelemnul
Zin
The Shining One

Shops:
D:6 *   D:7 %


Innate Abilities, Weirdness & Mutations

You have razor-sharp teeth.
You heal very quickly.
When hurt, damage is shared between your health and your magic reserves.
Your bite disrupts and absorbs the magic of your enemies.
Potions and wands cannot restore your health.
You are immune to rotting.
You have sharp toenails.
You can translocate small distances at will.
Scrolls take you a little longer to read.
You are frail (-10% HP).
You are sometimes teleported next to monsters.
You are weak. (Str -2)


Message History

The yak bellows!
The crocodile bites you! The crocodile bites you!
The yak gores the plant!
The crocodile bites you!
* * * LOW HITPOINT WARNING * * *
Some of the chunks of flesh in your inventory have rotted away.
The crocodile barely misses you.
You puncture the crocodile! You burn the crocodile.
You claw the crocodile, but do no damage.
The crocodile is heavily wounded.
The crocodile misses you.
You hit the crocodile but do no damage.
You claw the crocodile, but do no damage.
Your bite misses the crocodile.
The crocodile is heavily wounded.
The crocodile misses you.
Your unstable footing causes you to fumble your attack.
The crocodile misses you.
Your unstable footing causes you to fumble your attack.
The crocodile bites you!
You die...

..♣P≈≈≈≈≈.≈P≈≈≈≈≈♣≈♣≈≈≈≈≈
...≈≈≈≈≈≈.≈≈≈≈≈≈≈≈≈Y≈≈P≈≈
....≈≈≈≈≈.≈≈≈≈≈≈≈≈PP≈P;≈≈
.....♣≈≈.................
......≈♣..≈≈≈≈≈≈YPPP≈≈≈≈P
###........♣♣≈≈≈Y♣♣♣♣PP≈P
# ####. ♣♣♣♣≈≈♣ ≈≈≈
#≈≈t### ♣ #≈≈#@# ######


You could see a crocodile.

Vanquished Creatures
  A hydra (Lair:1)
  Pikel (D:5)
  4 spiny frogs
  Joseph (Lair:1)
  The ghost of ubloh the Cleaver, an amateur MiBe of Trog (D:4)
  A two-headed ogre (D:8)
  9 blink frogs
  18 yaks
  Eustachio (D:5)
  3 hippogriffs
  A basilisk (Lair:3)
  2 hungry ghosts (D:7)
  Duvessa (D:4)
  7 water moccasins (Lair:2)
  2 porcupines (Lair:2)
  2 orc warriors
  An ice beast (D:6)
  2 sky beasts
  A black bear (D:7)
  A slave (D:5)
  5 wolves (Lair:2)
  3 centaurs
  3 crocodiles (Lair:2)
  4 giant frogs
  Dowan (D:4)
  A water moccasin skeleton (D:6)
  A scorpion (D:7)
  6 killer bees (D:7)
  3 wights (D:6)
  3 electric eels
  3 crimson imps
  A centaur zombie (D:5)
  A giant frog zombie (D:8)
  A hound (D:7)
  A giant frog skeleton (D:4)
  4 orc priests
  7 iguanas
  Natasha (thrice) (D:4)
  6 orc wizards
  9 worker ants
  A hound zombie (D:7)
  A hound skeleton (D:6)
  A worker ant zombie (D:6)
  8 gnolls
  5 adders
  10 river rats (Lair:2)
  A shadow imp (D:8)
  An adder skeleton (D:5)
  5 worms
  2 dart slugs
  10 giant geckos
  31 orcs
  A ball python (D:3)
  5 giant cockroaches
  11 goblins
  8 hobgoblins
  11 jackals
  4 quokkas
  7 bats
  3 giant newts
  14 kobolds
  2 quokka skeletons
  7 rats
275 creatures vanquished.

Vanquished Creatures (collateral kills)
  An adder skeleton (D:8)
1 creature vanquished.

Vanquished Creatures (others)
  An ogre (D:5)
  A slave (D:5)
  5 sheep (Lair:1)
  An orc (D:8)
  2 fungi
  A plant (Lair:2)
11 creatures vanquished.

Grand Total: 287 creatures vanquished

Notes
Turn   | Place    | Note
--------------------------------------------------------------
     0 | D:1      | Joat the Vine Stalker Monk began the quest for the Orb.
     0 | D:1      | Reached XP level 1. HP: 11/11 MP: 2/2
   160 | D:1      | Reached XP level 2. HP: 13/16 MP: 3/3
   872 | D:2      | Reached XP level 3. HP: 20/20 MP: 4/4
  1116 | D:2      | Reached XP level 4. HP: 23/24 MP: 5/5
  1862 | D:3      | Reached XP level 5. HP: 24/28 MP: 6/6
  1921 | D:3      | Found a sacrificial altar of Ru.
  2159 | D:3      | You fall through a shaft for 2 floors!
  2159 | D:5      | Entered Level 5 of the Dungeon
  2219 | D:5      | Found a staircase to the Ecumenical Temple.
  2227 | Temple   | Entered the Ecumenical Temple
  2389 | Temple   | Became a worshipper of Makhleb the Destroyer
  2389 | Temple   | Reached * piety under Makhleb
  2389 | Temple   | Reached ** piety under Makhleb
  2473 | D:5      | Reached skill level 5 in Unarmed Combat
  2498 | D:4      | Gained mutation: You heal very quickly. [Vine Stalker growth]
  2498 | D:4      | Reached XP level 6. HP: 30/33 MP: 7/7
  2558 | D:4      | Found a glowing silver altar of Zin.
  2604 | D:4      | Noticed Natasha
  2871 | D:4      | Noticed Duvessa
  2871 | D:4      | Noticed Dowan
  2952 | D:4      | Noticed ubloh's ghost (amateur MiBe)
  3096 | D:4      | Killed Natasha
  3105 | D:4      | Reached XP level 7. HP: 30/38 MP: 8/8
  3132 | D:4      | Found a snail-covered altar of Cheibriados.
  3552 | D:4      | Noticed Natasha
  3565 | D:4      | Killed Natasha
  3589 | D:4      | Noticed Natasha
  3941 | D:4      | Killed Natasha
  4201 | D:4      | Killed ubloh's ghost
  4201 | D:4      | Reached skill level 5 in Fighting
  4313 | D:4      | Killed Duvessa
  4313 | D:4      | Reached skill level 5 in Dodging
  4313 | D:4      | Gained mutation: You have razor-sharp teeth. [Vine Stalker growth]
  4313 | D:4      | Reached XP level 8. HP: 8/43 MP: 2/9
  4318 | D:4      | Killed Dowan
  4447 | D:4      | Reached skill level 1 in Armour
  4606 | D:5      | Found a stormy altar of Qazlal.
  4724 | D:5      | Found an iron altar of Okawaru.
  4921 | D:5      | Noticed Pikel
  4947 | D:5      | Gained mutation: You can translocate small distances at will. [potion of mutation]
  4947 | D:5      | Gained mutation: You are weak. (Str -2) [potion of mutation]
  4947 | D:5      | Gained mutation: You have sharp toenails. [potion of mutation]
  4974 | D:5      | Killed Pikel
  4974 | D:5      | Reached skill level 5 in Armour
  5046 | D:5      | Found a sacrificial altar of Ru.
  5054 | D:5      | Found a bloodstained altar of Trog.
  5167 | D:5      | Reached XP level 9. HP: 47/47 MP: 10/10
  5311 | D:5      | Noticed Eustachio
  5334 | D:5      | Killed Eustachio
  5334 | D:5      | Reached skill level 1 in Invocations
  6157 | D:6      | Found a basalt altar of Yredelemnul.
  6574 | D:6      | Found Ogimiol's Assorted Antiques.
  6607 | D:6      | Reached *** piety under Makhleb
  6747 | D:7      | Found an opulent altar of Gozag.
  6812 | D:7      | Found a stormy altar of Qazlal.
  6998 | D:7      | Found Lynug's Food Emporium.
  7202 | D:7      | Found a shimmering altar of Xom.
  7589 | D:7      | Reached XP level 10. HP: 53/53 MP: 13/13
  8011 | D:8      | Found a staircase to the Lair.
  8027 | D:8      | Reached **** piety under Makhleb
  8505 | D:8      | Gained mutation: You are occasionally teleported next to monsters. [a neqoxec]
  8512 | D:8      | Gained mutation: You are sometimes teleported next to monsters. [a neqoxec]
  8522 | D:8      | Gained mutation: You are frail (-10% HP). [a neqoxec]
  8527 | D:8      | Gained mutation: Scrolls take you a little longer to read. [a neqoxec]
  8637 | D:8      | Found a shadowy altar of Dithmenos.
  8783 | D:8      | Found a glowing golden altar of the Shining One.
  8954 | Lair:1   | Entered Level 1 of the Lair of Beasts
  8987 | Lair:1   | Noticed Joseph
  8987 | Lair:1   | Noticed a spiny frog
  9024 | Lair:1   | Killed Joseph
  9083 | Lair:1   | Killed a spiny frog
  9149 | Lair:1   | Got a slimy trident
  9150 | Lair:1   | Identified the +6 trident "Death Rattle" {flame, rF++ MR+ Str-5} (You found it on level 1 of the Lair of Beasts)
  9225 | Lair:1   | Found a shimmering altar of Xom.
  9463 | Lair:1   | Reached skill level 1 in Polearms
  9887 | Lair:2   | Noticed a spiny frog
  9892 | Lair:2   | Killed a spiny frog
  9892 | Lair:2   | Reached XP level 11. HP: 52/52 MP: 15/15
 10006 | Lair:2   | Reached skill level 5 in Polearms
 10273 | Lair:2   | Noticed an eight-headed hydra
 10435 | Lair:1   | Killed an eight-headed hydra
 11048 | Lair:2   | Reached ***** piety under Makhleb
 11470 | Lair:3   | Learned a level 3 spell: Vampiric Draining
 11533 | Lair:3   | Reached skill level 1 in Necromancy
 11652 | Lair:3   | Found a hole to the Spider Nest.
 11725 | Lair:3   | Slain by a crocodile

Skill      XL: |  1  2  3  4  5  6  7  8  9 10 11 |
---------------+----------------------------------+-----
Fighting       | 3 4 5 6 7 |  7.0
Dodging        | 3 4 5 6 |  6.1
Unarmed Combat | 5 6 8 9 |  9.2
Armour         | 5 6 |  6.5
Invocations    | 3 4 |  4.2
Polearms       | 4 9 |  9.3
Necromancy     | 2 |  2.3
Stealth        | |  2.4

Action                   |  1- 3 |  4- 6 |  7- 9 | 10-12 || total
-------------------------+-------+-------+-------+-------++-------
Melee: Unarmed           |    88 |   229 |   532 |   200 ||  1049
       Bite              |    25 |    62 |   192 |   145 ||   424
       Punch             |     1 |     6 |    28 |    23 ||    58
       Kick              |       |       |    86 |   157 ||   243
       Trident           |       |       |       |   309 ||   309
Invok: Lesser Servant of |       |       |       |     4 ||     4
  Use: Potion            |       |       |     9 |     1 ||    10
       Scroll            |       |       |    11 |     3 ||    14
 Stab: Sleeping          |     8 |    14 |     4 |     3 ||    29
       Distracted        |     1 |       |       |     2 ||     3
       Invisible         |       |       |     2 |       ||     2
  Eat: Chunk             |     1 |     6 |    12 |    10 ||    29
       Royal jelly       |       |       |     1 |       ||     1
       Pizza             |       |       |     1 |       ||     1
       Bread ration      |       |       |     1 |       ||     1
       Meat ration       |       |       |       |     1 ||     1
Armor: Robe              |    11 |    30 |    17 |       ||    58
       Ring mail         |       |       |   105 |   145 ||   250
Dodge: Dodged            |    34 |   130 |   285 |   316 ||   765
